 Dungeon Crawl Stone Soup version 0.27-a0-1136-g0b992a5a9d (webtiles) character file.

Game seed: 17869085185372280798

46 Anon1729 the Skirmisher (level 3, -23/30 HPs)
             Began as a Formicid Berserker on May 4, 2021.
             Annihilated by a polar bear (25 damage)
             ... created by the rage of Trog
             ... on level 2 of the Dungeon.
             The game lasted 00:02:42 (2232 turns).

Anon1729 the Skirmisher (Formicid Berserker)        Turns: 2232, Time: 00:02:43

Health: -23/30     AC:  6    Str: 18 (22) XL:     3   Next: 92%
Magic:  3/3        EV: 12    Int:  6      God:
Gold:   67         SH:  0    Dex: 10      Spells: 2/2 levels left

rFire    . . .     SeeInvis +   a - +0 falchion
rCold    . . .     Faith    .   (no shield)
rNeg     . . .     Spirit   .   b - +0 animal skin
rPois    .         Reflect  .   (helmet unavailable)
rElec    .         Harm     .   g - +0 cloak
rCorr    .         Rampage  .   f - +2 pair of gloves
Will     .....                  (no boots)
Stlth    +.........             (no amulet)
HPRegen  0.10/turn              (no ring)
MPRegen  0.08/turn              (no ring)

@: no status effects
A: permanent stasis, dig shafts and tunnels, antennae 3, four strong arms
a: Dig, Shaft Self


You were on level 2 of the Dungeon.
You visited 1 branch of the dungeon, and saw 2 of its levels.

You collected 67 gold pieces.

Inventory:

Hand Weapons
 a - a +0 falchion (weapon)
 e - a +1 dagger of protection
Armour
 b - a +0 animal skin (worn)
 f - a +2 pair of gloves (worn)
 g - a +0 cloak (worn)
 h - a +0 ring mail
 i - a +0 pair of boots
Scrolls
 c - 2 scrolls of identify {unknown}
Potions
 d - a potion of berserk rage {unknown}


   Skills:
 + Level 3.7 Fighting
 + Level 3.4 Long Blades
 + Level 2.9 Armour
 + Level 2.3 Dodging


You had 2 spell levels left.
You didn't know any spells.
Your spell library was empty.

Dungeon Overview and Level Annotations

Branches:
Dungeon (2/15)

Altars:

Shops:
D:1 [


Innate Abilities, Weirdness & Mutations

You cannot be hasted, slowed, berserked, paralysed or teleported.
You can dig through walls and to a lower floor.
You have a pair of large antennae on your head. (SInv)
Your four strong arms can wield two-handed weapons with a shield.


Message History

Trog hurls fiery rage upon you!
The fireball explodes!
The fireball engulfs you!
You start resting.
HP restored.
There is a stone staircase leading down here.
You climb downwards.
There is a stone staircase leading up here.
You sense a monster nearby.
An endoplasm comes into view.
Found a ring mail.
The endoplasm quivers.
Found a stone staircase leading up.
You hit the endoplasm.
You kill the endoplasm!
There is a stone staircase leading up here.
You climb upwards.
There is a stone staircase leading down here.
You climb downwards.
There is a stone staircase leading up here.
You see here a +0 ring mail.
Found a pair of boots.
You sense a monster nearby.
You see here a +0 pair of boots.
i - a +0 pair of boots You start putting on your armour.
You continue putting on your +0 pair of boots.
Keep equipping yourself?
Trog sends monsters to punish you.
You continue putting on your +0 pair of boots. x2
The polar bear rages.
The ball python hisses angrily.
You hear an angry hiss.
You continue putting on your +0 pair of boots.
The polar bear bites you! The polar bear claws you. The polar bear misses you.
The polar bear bites you!!
Ouch! That really hurt!
* * * LOW HITPOINT WARNING * * *
The polar bear claws you but does no damage.
The polar bear barely misses you. The polar bear bites you!!
Ouch! That really hurt!
You die...

##..#... {# #...#... .#
##.#..... .# #........
####.# #........ ...S#
#....#... #..#
###...##...
####h#####.....##..<
#hh@h......#[..##...
#....###..#####.<.#####
#..# #.## #...# #. ###
#####


You could see 3 polar bears, a black bear (berserk) and a ball python.

Vanquished Creatures
  A worm (D:2)
  3 bats (D:1)
  5 endoplasms
  2 giant cockroaches (D:1)
  3 hobgoblins
  5 jackals
  3 quokkas (D:1)
  2 ball pythons (D:1)
  A frilled lizard (D:1)
  3 goblins (D:1)
  6 kobolds (D:1)
  3 rats (D:1)
37 creatures vanquished.

Vanquished Creatures (others)
  8 plants (D:2)
8 creatures vanquished.

Grand Total: 45 creatures vanquished

Notes
Turn   | Place    | Note
-------+----------+-------------------------------------------
     0 | D:1      | Anon1729 the Formicid Berserker began the quest for the
                  | Orb.
     0 | D:1      | Reached XP level 1. HP: 18/18 MP: 1/1
     0 | D:1      | Fell from the grace of Trog
   470 | D:1      | Reached XP level 2. HP: 7/24 MP: 2/2
   833 | D:1      | Found Jauz's Antique Armour Shoppe.
  1036 | D:1      | Reached XP level 3. HP: 28/29 MP: 3/3
  1274 | D:1      | Found a faded altar of an unknown god.
  1687 | D:1      | HP: 1/30 [divine wrath (19)]
  2230 | D:2      | Noticed a polar bear
  2230 | D:2      | Noticed a black bear
  2230 | D:2      | Noticed a polar bear
  2230 | D:2      | Noticed a polar bear
  2232 | D:2      | Annihilated by a polar bear

Illustrated notes

Levels and vault maps discovered:
D:1:      elethiomel_arrival_maze, layout_basic, serial_shops, shop,
          chequers_ecumenical_altar_grove, hangedman_decor_push
D:2:      layout_rooms, minmay_liquid_box, serial_bayou_lagoon_a, uniq_sigmund,
          uniq_crazy_yiuf_cottage

Skill      XL: |  1  2 |
---------------+-------+-----
Dodging        | 2 |  2.3
Fighting       | |  3.7
Long Blades    | |  3.4
Armour         | |  2.9

Action                   || total
-------------------------++-------
Melee: Falchion          ||   114
Invok: Renounce Religion ||     1
Armor: Animal skin       ||    41
Dodge: Dodged            ||    75
       Rpst.: Falchion   ||    21

Table legend: (Time is in decaauts)
 A = Elapsed time spent in this place.
 B = Non-inter-level travel time spent in this place.
 C = Inter-level travel time spent in this place.
 D = Time resting spent in this place.
 E = Time spent auto-exploring this place.
 F = Levels seen in this place.
 G = Mean time per level.
                   A        B        C        D        E       F      G
               +--------+--------+--------+--------+--------+-----+--------+
         Total |   2250 |   2082 |    168 |    982 |    801 |   2 | 1125.0 |
       Dungeon |   2250 |   2082 |    168 |    982 |    801 |   2 | 1125.0 |
               +--------+--------+--------+--------+--------+-----+--------+

Top non-repeatable levels by time:
     D:1: 2148 daAuts
     D:2: 102 daAuts
